Map: Cañón atribulado

Players

Sentinel

  • Race: Zerg Zerg
  • Spawn Location: 6:00

Chips

  • Race: Protoss Protoss
  • Spawn Location: 6:00

Skatobetho

  • Race: Protoss Protoss
  • League: Gold
  • Spawn Location: 7:00

MrFercho - Winner!

  • Race: Zerg Zerg
  • League: Silver
  • Spawn Location: 12:00

tigro - Winner!

  • Race: Terran Terran
  • League: Bronze
  • Spawn Location: 3:00

TATORREA - Winner!

  • Race: Protoss Protoss
  • League: Gold
  • Spawn Location: 12:00

VOD

Have the link to the VOD?

Description

Time

  • Played on: July 3, 2020, 10:40 p.m.
  • Length: 12:24
Show
View Real Time Build Order
Export as new Build Order

Sentinel Zerg 

Build Orders: Pool First 

Get SALT Encoding   

  12  0:03  Drone  
  13  0:16  Drone  
  14  0:34  Spawning Pool  
  13  0:37  Drone  
  14  0:47  Extractor  
  14  0:48  Extractor  
  14  0:49  Drone x2  
  14  0:56  Overlord  
  15  1:15  Drone x2  
  17  1:24  Drone  
  18  1:27  Queen  
  20  1:37  Drone  
  21  1:54  Overlord  
  21  1:55  Overlord  
  21  2:06  Zergling x2  
  22  2:16  Zergling x2  
  23  2:28  Lair  
  23  2:30  Metabolic Boost  
  23  2:32  Zergling x2  
  23  2:36  Zergling x2  
  26  2:37  Zergling x4  
  26  2:43  Extractor  
  26  2:45  Zergling x2  
  27  3:01  Zergling x4  
  27  3:03  Hatchery  
  28  3:12  Zergling x2  
  29  3:23  Zergling x2  
  30  3:36  Nydus Network  
  30  3:38  Zergling x2  
  30  3:45  Zergling x2  
  30  3:46  Zergling x6  
  34  4:01  Zergling x2  
  35  4:18  Zergling x8  
  39  4:25  Nydus Canal  
  19  5:24  Zergling x10  
  19  5:27  Drone x3  
  27  5:28  Queen  
  29  5:45  Drone  
  30  5:50  Zergling x2  
  30  5:51  Zergling x2  
  30  5:56  Zergling x2  
  33  6:07  Zergling x8  
  37  6:12  Drone x3  
  40  6:23  Zergling x2  
  41  6:31  Zergling x2  
  42  6:35  Zergling x4  
  42  6:36  Overlord  
  44  6:41  Overlord x2  
  44  6:55  Nydus Canal  
  27  7:58  Zergling x12  
  30  7:59  Zergling x6  
  30  8:04  Drone x3  
  39  8:09  Extractor  
  38  8:13  Extractor  
  38  8:17  Spire  
  38  8:18  Drone  
  38  8:19  Drone  
  38  8:23  Zergling x4  
  38  8:24  Zergling x2  
  41  8:32  Zergling x6  
  44  8:44  Zergling x2  
  45  8:53  Nydus Canal  
  33  9:45  Drone  
  33  9:46  Drone x7  
  33  9:47  Drone x2  
  43  9:59  Zerg Flyer Weapons Level 1  
  43  10:02  Mutalisk x2  
  43  10:03  Mutalisk x5  
  57  10:17  Mutalisk  
  57  10:20  Overlord x2  
  45  10:45  Zergling x8  
  45  10:46  Zergling x4  
  45  10:48  Zergling x2  
  45  10:49  Zergling x10  
  55  10:58  Zergling x2  
  19  11:47  Mutalisk  
  19  11:48  Mutalisk x2  
Show
View Real Time Build Order
Export as new Build Order

Chips Protoss 

Build Orders: Double Forge 

Get SALT Encoding   

  1  0:00  Probe  
  13  0:08  Probe  
  14  0:25  Pylon, Probe  
  15  0:43  Probe  
  15  0:44  Assimilator  
  15  0:49  Assimilator  
  16  0:55  Probe  
  17  1:07  Probe  
  17  1:08  Pylon  
  18  1:15  Forge, Probe  
  18  1:23  Probe  
  19  1:28  Gateway  
  20  1:34  Probe  
  21  1:46  Probe  
  22  1:58  Probe  
  23  2:10  Probe  
  24  2:16  Pylon  
  24  2:22  Probe  
  25  2:24  Forge  
  25  2:28  Cybernetics Core  
  25  2:30  Pylon, Probe  
  26  2:38  Probe  
  26  2:40  Zealot  
  29  2:48  Probe  
  30  3:00  Probe  
  30  3:04  Cybernetics Core  
  31  3:13  Stargate  
  31  3:14  Stargate  
  31  3:18  Stargate  
  31  3:21  Adept  
  33  3:37  Probe  
  34  3:49  Stalker, Probe  
  37  4:04  Void Ray  
  37  4:05  Protoss Air Weapons Level 1  
  37  4:09  Stalker  
  41  4:10  Probe  
  42  4:23  Probe  
  45  4:35  Probe  
  46  4:47  Probe  
  47  5:13  Nexus  
  47  5:19  Assimilator  
  47  5:24  Assimilator  
  47  6:02  Pylon  
  47  6:12  Pylon  
  47  6:14  Pylon  
  47  6:17  Pylon  
  47  6:19  Void Ray  
  47  6:20  Probe  
  47  6:21  Pylon  
  47  6:25  Void Ray x2  
  60  6:27  Pylon  
  60  6:29  Probe  
  60  6:30  Pylon  
  61  6:33  Pylon  
  61  6:36  Pylon, Probe  
  61  6:37  Probe  
  61  6:44  Probe  
  61  6:46  Probe  
  65  6:54  Probe  
  66  7:04  Protoss Air Armor Level 1  
  66  7:09  Probe  
  67  7:18  Void Ray  
  67  7:21  Probe  
  72  7:30  Void Ray  
  72  7:31  Void Ray  
  80  7:49  Robotics Facility  
  80  7:51  Stargate  
  80  8:02  Nexus  
  80  8:05  Assimilator, Probe  
  81  8:09  Assimilator  
  81  8:10  Probe  
  82  8:13  Assimilator  
  82  8:17  Probe  
  82  8:18  Void Ray  
  87  8:23  Probe  
  87  8:26  Void Ray  
  92  8:29  Probe  
  93  8:35  Probe  
  95  8:41  Probe  
  95  8:43  Cybernetics Core  
  95  8:44  Stargate  
  95  8:45  Stargate  
  95  8:47  Probe  
  96  8:53  Probe  
  97  8:59  Probe  
  97  9:00  Fleet Beacon  
  98  9:15  Probe  
  86  9:27  Probe  
  85  9:38  Void Ray x3  
  88  9:39  Probe  
Show
View Real Time Build Order
Export as new Build Order

Skatobetho Protoss 

Build Orders:  

Get SALT Encoding   

  12  0:02  Probe  
  13  0:14  Probe  
  14  0:23  Pylon  
  14  0:25  Probe  
  15  0:37  Probe  
  16  0:48  Gateway, Probe  
  17  0:55  Assimilator  
  17  1:00  Probe  
  17  1:03  Pylon  
  18  1:19  Gateway  
  18  1:23  Probe  
  19  1:35  Probe  
  19  1:38  Cybernetics Core  
  20  1:41  Forge  
  20  1:47  Probe  
  20  1:53  Assimilator  
  21  2:05  Probe  
  22  2:15  Pylon  
  22  2:17  Probe  
  22  2:22  Gateway, Warp Gate  
  23  2:29  Probe  
  24  2:51  Nexus  
  24  2:56  Pylon  
  24  3:12  Shield Battery  
  24  3:13  Photon Cannon  
  24  3:18  Probe  
  25  3:30  Pylon, Probe  
  26  3:38  Stargate  
  26  3:43  Pylon  
  26  3:45  Probe  
  27  3:57  Probe  
  28  4:09  Probe  
  29  4:14  Photon Cannon  
  29  4:20  Photon Cannon  
  29  4:24  Pylon  
  29  4:33  Gateway  
  29  4:39  Probe  
  30  4:47  Probe  
  30  4:48  Assimilator  
  30  4:49  Protoss Air Weapons Level 1  
  30  4:52  Probe  
  32  4:56  Probe  
  32  4:59  Zealot  
  35  5:03  Zealot  
  35  5:04  Probe  
  35  5:06  Probe  
  35  5:07  Zealot  
  41  5:14  Probe  
  42  5:22  Probe  
  43  5:29  Fleet Beacon  
  43  5:33  Probe  
  43  5:34  Twilight Council  
  44  5:44  Assimilator  
  44  5:45  Probe  
  44  5:49  Pylon  
  45  5:57  Probe  
  46  6:05  Stargate  
  46  6:07  Stargate  
  46  6:10  Probe, Stargate  
  47  6:13  Protoss Ground Armor Level 1  
  47  6:22  Carrier, Probe  
  54  6:33  Robotics Facility  
  54  6:38  Photon Cannon  
  54  6:40  Photon Cannon  
  54  6:43  Photon Cannon  
  54  6:50  Photon Cannon  
  54  6:58  Shield Battery  
  54  6:59  Photon Cannon  
  54  7:01  Photon Cannon  
  54  7:09  Photon Cannon  
  54  7:15  Pylon  
  54  7:17  Pylon  
  54  7:23  Protoss Air Armor Level 1  
  54  7:33  Carrier  
  60  7:47  Probe  
  61  7:58  Nexus  
  61  8:03  Pylon  
  61  8:07  Observer  
  62  8:13  Zealot x2  
  62  8:14  Zealot  
  62  8:15  Zealot  
  62  8:17  Protoss Shields Level 1  
  70  8:28  Observer  
  70  8:29  Charge  
  71  8:36  Carrier  
  77  9:04  Carrier  
  77  9:05  Carrier  
  89  9:29  Zealot  
  89  9:30  Zealot x2  
  89  9:31  Zealot  
  97  9:37  Tempest  
Show
View Real Time Build Order
Export as new Build Order

MrFercho Zerg - Winner!

Build Orders: Hatch First 

Get SALT Encoding   

  12  0:02  Drone  
  13  0:17  Overlord  
  13  0:18  Drone  
  14  0:35  Drone x2  
  16  0:47  Drone  
  17  0:59  Drone  
  17  1:01  Hatchery  
  17  1:16  Spawning Pool  
  17  1:17  Drone  
  17  1:19  Drone  
  17  1:24  Drone  
  19  1:30  Extractor  
  19  1:32  Drone  
  19  1:44  Overlord  
  19  2:03  Queen  
  19  2:04  Drone  
  19  2:05  Drone  
  23  2:14  Drone  
  24  2:15  Queen  
  24  2:17  Drone  
  27  2:24  Drone  
  27  2:28  Roach Warren, Drone  
  28  2:36  Drone  
  29  2:37  Drone  
  30  2:46  Drone  
  30  2:47  Drone  
  30  2:49  Evolution Chamber  
  31  2:53  Lair  
  31  2:58  Drone x2  
  33  3:07  Overlord  
  33  3:11  Overlord  
  33  3:16  Zerg Missile Weapons Level 1  
  33  3:18  Drone  
  34  3:20  Drone x2  
  34  3:22  Overlord  
  36  3:28  Drone x3  
  36  3:33  Extractor, Drone  
  39  3:34  Extractor  
  39  3:37  Drone  
  39  3:41  Drone  
  39  3:42  Drone  
  42  3:48  Drone  
  42  3:49  Drone x2  
  42  3:52  Drone  
  45  4:04  Hydralisk Den  
  44  4:10  Drone  
  44  4:11  Drone x5  
  50  4:19  Overseer  
  50  4:22  Drone x4  
  50  4:23  Drone  
  55  4:24  Hatchery  
  54  4:47  Hydralisk x3  
  60  5:01  Overlord x4  
  60  5:02  Overlord  
  60  5:36  Hydralisk x7  
  60  5:37  Hydralisk  
  60  5:38  Nydus Network  
  75  5:44  Extractor  
  75  5:49  Drone x4  
  78  5:50  Extractor  
  77  5:58  Zerg Missile Weapons Level 2  
  77  6:01  Hatchery, Hydralisk  
  78  6:04  Zergling x4  
  78  6:05  Zergling x6  
  83  6:15  Drone  
  83  6:16  Extractor  
  83  6:18  Drone x2  
  85  6:40  Drone x7  
  85  6:41  Drone  
  93  6:54  Hydralisk x6  
  93  6:56  Overlord x3  
  93  6:57  Overlord  
  105  7:02  Metabolic Boost  
  104  7:35  Hydralisk  
  104  7:36  Hydralisk x15  
  134  8:01  Queen  
  136  8:14  Grooved Spines  
  136  8:28  Nydus Canal  
  136  8:38  Overlord x3  
  136  8:39  Overlord  
  136  8:40  Overlord  
  136  8:48  Zerg Ground Armor Level 1  
  136  8:51  Hydralisk  
  136  8:52  Hydralisk x2  
  142  9:19  Hydralisk x19  
  142  9:20  Hydralisk  
  182  9:25  Muscular Augments  
  182  9:34  Hydralisk  
  182  9:37  Overlord x7  
  182  9:38  Overlord x3  
  177  9:49  Hydralisk x5  
  142  10:35  Hydralisk, Infestation Pit  
  142  10:36  Hydralisk x11  
  153  11:18  Hydralisk x12  
Show
View Real Time Build Order
Export as new Build Order

tigro Terran - Winner!

Build Orders:  

Get SALT Encoding   

  12  0:03  SCV  
  13  0:15  SCV  
  14  0:22  Supply Depot  
  14  0:27  SCV  
  15  0:37  Refinery  
  15  0:43  SCV  
  16  0:50  Barracks  
  16  1:02  SCV  
  17  1:10  Refinery  
  17  1:14  SCV  
  18  1:26  SCV  
  18  1:28  Supply Depot  
  19  1:38  SCV  
  19  1:39  Marine  
  21  1:50  SCV  
  22  1:57  Marine  
  22  1:59  Barracks  
  23  2:02  SCV  
  24  2:14  SCV  
  24  2:15  Marine  
  26  2:30  Engineering Bay  
  26  2:33  Marine  
  27  2:48  Factory  
  27  2:51  Marine  
  28  2:58  Barracks Reactor  
  28  3:01  Orbital Command  
  28  3:06  Terran Infantry Weapons Level 1  
  28  3:16  Barracks Tech Lab  
  28  3:33  Factory Tech Lab  
  28  3:45  Starport  
  28  3:52  Combat Shield  
  28  3:56  Marine x3  
  31  4:13  Marine  
  31  4:14  Marine x2  
  34  4:25  Siege Tank  
  37  4:31  Marine  
  37  4:32  Marine  
  39  4:52  Command Center  
  39  5:01  Terran Infantry Armor Level 1  
  39  5:11  Stimpack  
  39  5:13  Marine  
  39  5:14  Marine  
  39  5:15  Marine  
  36  5:31  Marine  
  36  5:32  Marine x2  
  39  5:50  Medivac, Marine x3  
  44  6:07  Refinery  
  44  6:08  Supply Depot, Marine x3  
  44  6:10  SCV  
  48  6:17  Siege Tank  
  51  6:22  SCV  
  54  6:26  Marine  
  54  6:31  Starport Tech Lab  
  53  6:34  SCV  
  53  6:36  Supply Depot  
  54  6:46  SCV  
  55  6:58  SCV  
  56  7:02  Starport, Refinery  
  56  7:42  Fusion Core  
  56  8:00  Starport Tech Lab  
  56  8:07  SCV  
  57  8:19  SCV  
  58  8:29  Armory  
  58  8:31  SCV  
  59  8:37  Weapon Refit  
  59  8:43  SCV  
  60  8:55  SCV  
  61  9:03  Hi-Sec Auto Tracking  
  61  9:34  SCV  
  62  9:44  Missile Turret  
  62  9:46  SCV  
  63  9:58  SCV  
  64  10:00  Neosteel Armor  
  64  10:10  SCV  
  65  10:15  Missile Turret  
  65  10:17  Rapid Reignition System  
  65  10:22  SCV  
  65  10:23  Battlecruiser x2  
  78  10:38  Missile Turret  
  78  11:00  Missile Turret  
  78  11:01  Marine x2  
  78  11:02  Marine  
  68  11:20  Missile Turret  
  68  11:24  Marine x3  
  77  11:42  Marine  
  77  11:44  Medivac, Marine x2, Missile Turret  
  88  12:00  Marine  
  89  12:02  Marine x2  
  89  12:06  Missile Turret  
Show
View Real Time Build Order
Export as new Build Order

TATORREA Protoss - Winner!

Build Orders:  

Get SALT Encoding   

  12  0:02  Probe  
  13  0:14  Probe  
  13  0:20  Pylon  
  14  0:26  Probe  
  15  0:38  Probe  
  15  0:42  Gateway  
  16  0:47  Assimilator  
  16  0:51  Probe  
  17  1:01  Pylon  
  17  1:03  Probe  
  18  1:15  Probe  
  19  1:28  Probe  
  20  1:34  Cybernetics Core  
  20  1:36  Assimilator  
  20  1:40  Gateway  
  20  1:49  Gateway  
  20  1:54  Pylon  
  20  1:56  Probe  
  21  2:08  Probe  
  22  2:14  Warp Gate  
  22  2:17  Stalker  
  22  2:21  Probe  
  25  2:33  Probe  
  26  2:46  Nexus  
  26  2:51  Pylon  
  26  2:55  Probe  
  27  3:05  Sentry  
  29  3:07  Probe  
  29  3:11  Stalker  
  32  3:14  Sentry  
  35  3:20  Probe  
  35  3:30  Robotics Facility  
  35  3:32  Probe  
  36  3:44  Probe  
  37  3:56  Probe  
  38  4:04  Nexus  
  38  4:06  Probe  
  38  4:08  Probe  
  40  4:18  Probe  
  40  4:19  Observer  
  40  4:20  Probe  
  43  4:31  Probe  
  44  4:32  Probe  
  45  4:40  Immortal  
  45  4:42  Assimilator  
  49  4:45  Assimilator  
  49  4:50  Stalker, Pylon  
  49  4:51  Stalker  
  30  5:01  Stalker  
  19  5:24  Probe x3  
  22  5:34  Probe x3  
  22  5:42  Probe x2  
  25  5:43  Probe  
  28  5:51  Probe x3  
  31  6:00  Probe x2  
  31  6:01  Probe  
  34  6:08  Probe  
  34  6:09  Probe x2  
  34  6:17  Probe x3  
  40  6:27  Probe x3  
  43  6:35  Probe x2  
  43  6:36  Probe  
  43  6:39  Stalker  
  48  6:40  Stalker x2  
  48  6:46  Observer  
  53  6:50  Probe  
  53  6:51  Probe  
  55  6:54  Probe  
  56  7:07  Immortal  
  60  7:09  Nexus  
  60  7:15  Pylon, Probe  
  61  7:16  Probe x2  
  59  7:28  Stalker x3  
  47  7:36  Probe x2  
  47  7:37  Probe  
  49  7:46  Probe  
  49  7:47  Probe x2  
  51  7:54  Probe  
  51  7:55  Probe x2  
  51  8:03  Probe x2  
  51  8:04  Probe  
  54  8:11  Probe  
  57  8:15  Probe x2  
  57  8:19  Probe  
  60  8:20  Probe  
  60  8:24  Stalker x2  
  60  8:25  Stalker  
  68  8:27  Probe x2  
  68  8:32  Probe  
  71  8:37  Probe  
  71  8:39  Probe x2  
  74  8:45  Probe  
  75  8:54  Probe x3  
  66  9:25  Probe x4  
  66  9:28  Stalker  
  66  9:29  Stalker x2  
  75  9:37  Probe x3  
  75  9:38  Probe  
  79  9:49  Probe x2  
  79  9:50  Probe  
  82  9:54  Probe  
  82  9:58  Stalker  
  85  10:00  Stalker x2  
  85  10:01  Probe  
  85  10:02  Probe x2  
  85  10:06  Probe  
  93  10:14  Probe x3  
  93  10:19  Probe  
  97  10:26  Probe x2  
  97  10:27  Probe  
  100  10:31  Assimilator, Probe  
  100  10:35  Assimilator  
  101  10:38  Probe  
  101  10:39  Pylon  
  101  10:41  Probe x2  
  104  10:43  Pylon, Probe  
  104  10:45  Stalker  
  104  10:48  Pylon  
  107  10:53  Pylon  
  107  10:57  Pylon  
  107  10:58  Probe x3  
  110  11:11  Gateway  
  110  11:14  Gateway  
  110  11:17  Gateway  
  110  11:18  Gateway  
  110  11:23  Gateway  
  110  11:25  Gateway  
  110  11:26  Stalker x3, Gateway  
  110  11:29  Gateway, Immortal  
  110  11:31  Gateway  
  120  11:33  Gateway  
  120  11:35  Gateway  
  120  11:37  Assimilator  
  120  11:43  Assimilator  
  120  11:50  Stalker  
  120  11:51  Stalker x2  
  130  12:12  Forge  
  130  12:14  Forge  
  130  12:16  Forge  
  130  12:19  Gateway  
  130  12:21  Gateway  
  130  12:24  Gateway  
Tags
 
Add a new tag
Caveats
  • Supply blocks, unpowered buildings, or Contaminate may cause inaccurate times.
  • Supply counts are checked every 10 seconds.